Construct Section Command Post
Selects Air and Sea Battlegroup
Construct Platoon Command Post
Unlock Bishop Self-propelled Artillery
Bishop Self-propelled Artillery
6-pounder Anti-tank Gun Team
6-pounder Anti-tank Gun Team
Construct Company Command Post
Selects Commando Section Paradrop
Selects Commando Support Section Paradrop
Commando Support Section Paradrop
Selects Naval Bombardment
Commando Section Paradrop
Unlock Towed 17-pounder Anti-tank Guns